 Dungeon Crawl Stone Soup version 0.32-a0-35-gd9ff480968 (webtiles) character file.

Game seed: 2942578592906320541

1991 anacleto the Changeling (level 9, 0/115 (127) HPs)
             Began as a Troll Shapeshifter on Jan 21, 2024.
             Slain by a killer bee (4 damage)
             ... on level 7 of the Dungeon.
             The game lasted 00:11:52 (4878 turns).

anacleto the Changeling (Troll Shapeshifter)        Turns: 4878, Time: 00:11:52

HP:   0/115 (127)   AC:  4    Str: 28    XL:     9   Next: 1%
MP:   8/8           EV: 10    Int:  6    God:
Gold: 228           SH:  0    Dex:  9    Spells: 8/8 levels left

rFire   . .          .
                       - Unarmed
rCold   . . .        (no shield)
rNeg    . . .        a - +0 animal skin
rPois   .            b - melded +1 hat
rElec   .            (cloak currently unavailable)
rCorr   .            (gloves unavailable)
SInv    .            (boots unavailable)
Will    .....        (no amulet) Stlth
                     (no ring)
HPRegen 1.19/turn    (no ring)
MPRegen 0.11/turn

%: no passive effects
@: berserking (expiring), lethally poisoned (0 -> 0), beast-form, drained, very
quick
A: beast (slay +4), large, unfitting armour, claws 3, regeneration 1, shaggy fur
1, tough skin 1
a: Begin Untransformation


You were on level 7 of the Dungeon.
You were a hulking beast.
You visited 2 branches of the dungeon, and saw 8 of its levels.
You also visited: Sewer.

You collected 228 gold pieces.

Inventory:

Missiles
 j - 8 poisoned darts (quivered)
 r - 2 throwing nets
Armour
 a - a +0 animal skin (worn)
 b - a +1 hat (melded)
Talismans
 c - a beast talisman (active)
 d - a flux talisman
 v - a blade talisman
Scrolls
 g - 4 scrolls of fear
 i - 5 scrolls of summoning
 k - 3 scrolls of teleportation
 l - 6 scrolls of enchant armour
 q - a scroll of revelation {unknown}
 s - a scroll of amnesia {unknown}
 t - a scroll of immolation {unknown}
 u - a scroll of brand weapon {unknown}
Potions
 h - a potion of curing
 m - a potion of might {unknown}
 o - a potion of mutation {unknown}
 p - a potion of resistance {unknown}
 w - a potion of haste {unknown}


   Skills:
 + Level 4.3 Fighting
 + Level 4.5 Dodging
 + Level 6.0 Unarmed Combat
 * Level 7.4 Shapeshifting


You had 8 spell levels left.
You didn't know any spells.
Your spell library contained the following spells:

 Spells                   Type           Power      Damage    Failure   Level
 Kiss of Death            Conj/Necr      0%         2d5       45%         1
 Mercury Vapours          Alch/Air       0%         N/A       58%         2
 Confusing Touch          Hex            0%         N/A       83%         3
 Fugue of the Fallen      Necr           0%         N/A       83%         3
 Mephitic Cloud           Conj/Alch/Air  0%         N/A       83%         3
 Ozocubu's Armour         Ice            0%         N/A       83%         3
 Tukima's Dance           Hex            0%         N/A       83%         3
 Dispel Undead            Necr           0%         3d6       99%         4
 Manifold Assault         Tloc           0%         N/A       99%         4
 Passage of Golubria      Tloc           0%         N/A       99%         4
 Freezing Cloud           Conj/Ice/Air   0%         6-21      100%        5
 Yara's Violent Unravell  Hex/Alch       0%         3d3       100%        5


Dungeon Overview and Level Annotations

Branches:
Dungeon (7/15)             Temple (1/1) D:4           Sewer (visited)

Altars:
Cheibriados
Dithmenos
Elyvilon
Gozag
Kikubaaqudgha
Makhleb
Nemelex Xobeh
Okawaru
Ru
Sif Muna
Trog
Uskayaw
Vehumet
Wu Jian
Yredelemnul
Zin
The Shining One

Shops:
D:6 :

Annotations:
D:3 3 runed translucent doors, PriceMaster's ghost, amateur OpCj
D:6 Jeremiah; Sigmund


Innate Abilities, Weirdness & Mutations

You are a hulking beast.
Your limbs bulge with bestial killing power. (Slay +4)
You are too large for most types of armour.
You have claws for hands.
Your natural rate of healing is unusually fast.
You are covered in fur. (AC +1)
You have tough skin. (AC +1)


Message History

* * * LOW HITPOINT WARNING * * *
The killer bee stings you.
* * * LOW HITPOINT WARNING * * *
You are poisoned.
The killer bee poisons you!
A red film seems to cover your vision as you go berserk!
You feel yourself moving faster!
You feel mighty!
You feel sick. The killer bee closely misses you.
The killer bee stings you but does no damage.
You mangle the killer bee!!
You kill the killer bee!
You have reached level 9!
Your experience leads to an increase in your attributes!
Increase (S)trength, (I)ntelligence, or (D)exterity?
You feel stronger. x3
You barely miss the killer bee. Your claw misses the killer bee.
You feel sick.
The killer bee stings you but does no damage.
The killer bee stings you.
* * * LOW HITPOINT WARNING * * *
You barely miss the killer bee.
You feel sick. The killer bee stings you.
* * * LOW HITPOINT WARNING * * *
You are more poisoned.
The killer bee poisons you!
You miss the killer bee.
You feel sick. The killer bee barely misses you.
You barely miss the killer bee.
You feel sick. The killer bee stings you.
* * * LOW HITPOINT WARNING * * *
You barely miss the killer bee.
You feel sick. The killer bee barely misses you.
You miss the killer bee. Your claw misses the killer bee.
You feel sick. The killer bee stings you.
* * * LOW HITPOINT WARNING * * *
The killer bee stings you but does no damage.
You closely miss the killer bee.
You feel sick. The killer bee stings you.
* * * LOW HITPOINT WARNING * * *
You closely miss the killer bee.
You feel sick. The killer bee stings you.
* * * LOW HITPOINT WARNING * * *
You claw the killer bee!
The killer bee is almost dead.
You feel sick. The killer bee barely misses you. The killer bee stings you.
You die...

....... ....... ......
#.... .... ....## ###
#.#.## ..)..##...
#.#..# ........#
#.##y# ....#..##
#.##h#
.........####.##.#####
.....# #[(##.........#
.....####.##.........#
#<......#............#
#...#.#...#..........#
.......##...##########
...###.###..# ..## ###
##..#


You could see a killer bee.

Vanquished Creatures
  Edmund (D:6)
  An ice beast (D:4)
  3 ogres
  Blork the orc (D:6)
  2 kobold brigands
  3 scorpions
  5 killer bees (D:7)
  3 hounds
  A bombardier beetle (D:3)
  A gnoll bouda (D:5)
  5 orc priests
  2 jellies
  2 iguanas
  10 orc wizards
  4 gnolls
  12 adders
  2 river rats (Sewer)
  A white imp (D:6)
  2 dart slugs (D:2)
  6 ribbon worms
  14 orcs
  9 ball pythons
  6 endoplasms
  4 giant cockroaches
  4 goblins
  3 hobgoblins
  2 jackals (D:1)
  16 kobolds
  A quokka (D:1)
  5 frilled lizards
  6 rats
137 creatures vanquished.

Notes
Turn   | Place    | Note
-------+----------+-------------------------------------------
     0 | D:1      | anacleto the Troll Shapeshifter began the quest for the
                  | Orb.
     0 | D:1      | Reached XP level 1. HP: 18/18 MP: 0/0
   559 | D:1      | Reached skill level 1 in Fighting
   606 | D:1      | Reached XP level 2. HP: 27/27 MP: 1/1
   857 | D:2      | Found a sacrificial altar of Ru.
   971 | D:2      | Reached XP level 3. HP: 33/33 MP: 2/2
  1272 | D:2      | Reached XP level 4. HP: 41/41 MP: 3/3
  1505 | D:3      | Reached skill level 4 in Shapeshifting
  1505 | D:3      | Reached XP level 5. HP: 37/49 MP: 4/4
  1506 | D:3      | Found a faded altar of an unknown god.
  1823 | D:3      | Found a glowing silver altar of Zin.
  1830 | D:3      | Found a bloodstained altar of Trog.
  1849 | D:3      | Found a runed translucent gate.
  1849 | D:3      | Found a runed translucent gate.
  1849 | D:3      | Found a runed translucent gate.
  1850 | D:3      | Noticed PriceMaster's ghost (amateur OpCj)
  1922 | D:3      | Found a glowing drain.
  1928 | Sewer    | Entered a sewer
  2064 | Sewer    | Reached XP level 6. HP: 25/57 MP: 5/5
  2585 | D:4      | Reached skill level 5 in Shapeshifting
  2708 | D:4      | Found a staircase to the Ecumenical Temple.
  2741 | Temple   | Entered the Ecumenical Temple
  2806 | D:4      | Reached XP level 7. HP: 66/66 MP: 6/6
  3139 | D:5      | Entered Level 5 of the Dungeon
  3160 | D:4      | Reached skill level 5 in Unarmed Combat
  3160 | D:4      | Reached skill level 6 in Shapeshifting
  3215 | D:5      | Reached XP level 8. HP: 59/75 MP: 7/7
  3601 | D:5      | Found a sparkling altar of Nemelex Xobeh.
  4044 | D:6      | Reached skill level 7 in Shapeshifting
  4099 | D:6      | Noticed Jeremiah
  4244 | D:6      | Noticed Edmund
  4254 | D:6      | Killed Edmund
  4259 | D:6      | Noticed Blork the orc
  4264 | D:6      | Killed Blork the orc
  4601 | D:6      | Noticed Sigmund
  4722 | D:6      | Found a glowing golden altar of the Shining One.
  4752 | D:6      | Found Riceimi's Book Emporium.
  4870 | D:7      | Reached XP level 9. HP: 32/77 MP: 8/8
  4877 | D:7      | HP: 5/115 [killer bee (5)]
  4878 | D:7      | Slain by a killer bee

Illustrated notes

Levels and vault maps discovered:
D:1:      dpeg_arrival_simpleton_b, layout_basic
D:2:      layout_rooms, basic_altar
D:3:      layout_basic, amethyst_overflow_temple_binary,
          ebering_ghost_rock_garden, mainiacjoe_sewer_entry_somewhere_in_here_2,
          shapermc_ecumenical_altar_venn, palyth_stone_intersect
D:4:      layout_rooms, minmay_temple_entry_antechambers,
          minmay_a_box_with_orc_wizards_in_it
D:5:      layout_rooms, mainiacjoe_overflow_brackets, serial_rivers,
          chequers_serial_rivers_micro_e, chequers_serial_rivers_room_a,
          chequers_serial_rivers_micro_c, chequers_serial_rivers_micro_c,
          lexackson_kobold_supper
D:6:      minmay_general_purpose_star, layout_loops_cross,
          nicolae_tso_swordbearing_angel, serial_shops, shop,
          uniq_blork_the_orc, uniq_edmund, uniq_sigmund, uniq_jeremiah
D:7:      layout_rooms, nicolae_ossuary_entry_plus, nicolae_shop_clearance,
          uniq_joseph
Temple:   nicolae_temple_god_jail

Skill      XL: |  1  2  3  4  5  6  7  8 |
---------------+-------------------------+-----
Fighting       | 1 2 3 4 |  4.3
Dodging        | 2 3 4 |  4.5
Shapeshifting  | 4 5 6 7 |  7.4
Unarmed Combat | 4 5 6 |  6.0

Action                     |  1- 3 |  4- 6 |  7- 9 || total
---------------------------+-------+-------+-------++-------
  Melee: Unarmed           |    45 |   149 |   206 ||   400
         Punch             |       |     4 |     6 ||    10
  Throw: Dart              |       |     8 |     6 ||    14
Ability: Begin Untransform |       |     1 |       ||     1
    Use: Potion            |       |     1 |     7 ||     8
         Scroll            |       |     1 |     4 ||     5
 Armour: Animal skin       |    27 |    94 |   156 ||   277
         Skin              |       |    45 |       ||    45
  Dodge: Dodged            |    18 |    55 |   102 ||   175
   Form: Beast             |       |     1 |       ||     1

Table legend: (Time is in decaauts)
 A = Elapsed time spent in this place.
 B = Non-inter-level travel time spent in this place.
 C = Inter-level travel time spent in this place.
 D = Time resting spent in this place.
 E = Time spent auto-exploring this place.
 F = Levels seen in this place.
 G = Mean time per level.
                   A        B        C        D        E       F      G
               +--------+--------+--------+--------+--------+-----+--------+
         Total |   4846 |   4715 |    131 |    290 |   2863 |   9 |  538.4 |
       Dungeon |   4439 |   4308 |    131 |    290 |   2695 |   7 |  634.1 |
        Temple |     54 |     54 |      0 |      0 |      0 |   1 |   54.0 |
         Sewer |    351 |    351 |      0 |      0 |    168 |   1 |  351.0 |
               +--------+--------+--------+--------+--------+-----+--------+

Top non-repeatable levels by time:
     D:5: 936 daAuts
     D:1: 855 daAuts
     D:3: 762 daAuts
     D:4: 762 daAuts
     D:6: 615 daAuts
     D:2: 441 daAuts
   Sewer: 351 daAuts
     D:7: 64 daAuts
  Temple: 54 daAuts
